 Dungeon Crawl Stone Soup version 0.18.1-50-g88ac8fd (webtiles) character file.

584 sleepydude the Shield-Bearer (level 7, -12/63 HPs)
             Began as a Deep Dwarf Fighter on Oct 8, 2016.
             Mangled by a gnoll
             ... wielding a +1 spear of distortion
              (18 damage)
             ... on level 4 of the Dungeon.
             The game lasted 00:09:00 (2520 turns).

sleepydude the Shield-Bearer (Deep Dwarf Fighter)   Turns: 2520, Time: 00:09:01

Health: -12/63     AC: 13    Str: 22    XL:     7   Next: 14%
Magic:  2/2        EV:  5    Int:  8    God:
Gold:   221        SH: 10    Dex: 12    Spells: 0 memorised, 6 levels left

rFire  + . .     SeeInvis .     b - +2 mace (antimagic)
rCold  . . .     Gourm    .     s - +0 plate armour
rNeg   + . .     Faith    .     c - +0 shield
rPois  .         Spirit   .     u - +0 helmet
rElec  .         Dismiss  .     (no cloak)
rCorr  .         Reflect  .     (no gloves)
SustAt .         Harm     .     (no boots)
MR     +....                    (no amulet)
Stlth  ..........               y - ring of protection from fire
                                r - ring of positive energy

@: non-regenerating, somewhat resistant to hostile enchantments, extremely
unstealthy
A: damage resistance, recharge devices, sense surroundings 1, slow regeneration
3
a: Device Recharging


You were on level 4 of the Dungeon.
You were not hungry.

You visited 1 branch of the dungeon, and saw 4 of its levels.

You collected 221 gold pieces.

Inventory:

Hand Weapons
 b - a +2 antimagic mace (weapon)
Armour
 c - a +0 shield (worn)
 s - a +0 plate armour (worn)
 u - a +0 helmet (worn)
Jewellery
 r - a ring of positive energy (left hand)
 y - a ring of protection from fire (right hand)
Wands
 e - a wand of heal wounds (3/9)
 D - a wand of lightning (8/15)
Scrolls
 a - a scroll of enchant weapon {unknown}
 g - a scroll of enchant armour {unknown}
 h - 4 scrolls of identify {unknown}
 j - 2 scrolls of remove curse {unknown}
 l - a scroll of amnesia {unknown}
 n - a scroll of fear {unknown}
 o - a scroll of random uselessness {unknown}
 x - 3 scrolls of magic mapping {unknown}
 B - 2 scrolls of immolation {unknown}
Potions
 d - 2 potions of might
 i - 2 potions of degeneration {unknown}
 k - 3 potions of curing {unknown}
 p - a potion of berserk rage {unknown}
 q - 3 potions of haste {unknown}
 t - a potion of invisibility {unknown}
 z - a potion of heal wounds {unknown}
 A - a potion of flight {unknown}
 C - a potion of mutation {unknown}
Comestibles
 f - 3 bread rations
 m - 2 meat rations
 v - a beef jerky
 w - 2 slices of pizza
 E - a chunk of flesh


   Skills:
 + Level 3.9 Fighting
 + Level 4.2 Maces & Flails
 + Level 5.2 Armour
 + Level 1.8 Dodging
 + Level 5.4 Shields
 + Level 0.3 Evocations


You had 6 spell levels left.
You didn't know any spells.

Dungeon Overview and Level Annotations

Branches:
Dungeon (4/15)
 Temple: D:4-7

Altars:
Vehumet
Zin


Innate Abilities, Weirdness & Mutations

You are resistant to damage.
You can recharge devices by infusing magical energy.
You passively map a small area around you.
You do not regenerate naturally.


Message History

A gnoll comes into view. It is wielding a spear.
You see here an adder corpse.
There is an open door here.
You are no longer poisoned.
The gnoll hits you but does no damage. Space warps horribly around you!
You hit the gnoll.
The gnoll is moderately wounded.
The gnoll hits you but does no damage. Space bends around you.
Your shield and plate armour prevent you from hitting the gnoll.
The gnoll is moderately wounded.
The gnoll hits you but does no damage. Space warps horribly around you!
* * * LOW HITPOINT WARNING * * *
Your plate armour prevents you from hitting the gnoll.
The gnoll is moderately wounded.
The gnoll hits you but does no damage. Space bends around you.
The gnoll barely misses you.
You hit the gnoll.
The gnoll is moderately wounded.
The gnoll hits you but does no damage. Space warps horribly around you!
You die...

.........##.#
*.######..##.###***
*#####..#....., , *
#.........#
#.##>###...#.#
#............#
.....###...#.# , ,
,### ##....# * * *
#@#### * * * #g# * *
, ##'## , ##...## , ,
##..†..## ### ,
##.......## ##.##* *
,
#.........####...##,
,
+.........'.......#,
* ,
#.........####...##,*


You could see a gnoll.

Vanquished Creatures
  Grinder (D:4)
  A howler monkey (D:4)
  Terence (D:2)
  2 iguanas (D:4)
  An orc wizard (D:3)
  4 adders
  12 gnolls
  An ooze (D:2)
  A worm (D:2)
  A dart slug (D:2)
  2 giant geckos
  11 orcs
  5 giant cockroaches
  7 goblins
  5 hobgoblins
  9 jackals
  2 quokkas
  2 ball pythons (D:3)
  9 bats
  3 giant newts
  11 kobolds
  9 rats
100 creatures vanquished.

Notes
Turn   | Place    | Note
--------------------------------------------------------------
     0 | D:1      | sleepydude the Deep Dwarf Fighter began the quest for the Orb.
     0 | D:1      | Reached XP level 1. HP: 20/20 MP: 1/1
    94 | D:1      | Reached XP level 2. HP: 19/28 MP: 2/2
   503 | D:2      | Reached XP level 3. HP: 34/34 MP: 3/3
   571 | D:2      | Reached skill level 1 in Dodging
   673 | D:2      | Found a glowing silver altar of Zin.
   932 | D:2      | Noticed Terence
   949 | D:2      | Killed Terence
   949 | D:2      | Reached XP level 4. HP: 41/42 MP: 4/4
  1204 | D:3      | Reached XP level 5. HP: 43/49 MP: 1/5
  1651 | D:3      | Found a radiant altar of Vehumet.
  2090 | D:4      | Reached XP level 6. HP: 42/56 MP: 2/6
  2162 | D:4      | Reached skill level 5 in Armour
  2162 | D:4      | Reached skill level 5 in Shields
  2260 | D:4      | Noticed Grinder
  2275 | D:4      | Killed Grinder
  2275 | D:4      | Reached XP level 7. HP: 35/63 MP: 2/7
  2520 | D:4      | Mangled by a gnoll

Skill      XL: |  1  2  3  4  5  6 |
---------------+-------------------+-----
Fighting       | 3 |  3.9
Dodging        | 1 |  1.8
Armour         | 4 5 |  5.2
Shields        | 4 5 |  5.4
Maces & Flails | 3 4 |  4.2
Evocations     | |  0.3

Action                   |  1- 3 |  4- 6 |  7- 9 || total
-------------------------+-------+-------+-------++-------
Melee: Flail             |   166 |    16 |       ||   182
       Mace              |       |   214 |    20 ||   234
Evoke: Wand              |     1 |     1 |       ||     2
  Eat: Chunk             |       |     5 |     1 ||     6
Armor: Scale mail        |    78 |       |       ||    78
       Plate armour      |    40 |   136 |    13 ||   189
Dodge: Dodged            |    78 |    44 |     3 ||   125
Block: Shield            |   136 |   127 |     6 ||   269
